 Dungeon Crawl Stone Soup version 0.32-a0-986-ga09f62fbf4 (webtiles) character file.

Game seed: 491042844510835501

2660 LadyBoffin the Trooper (level 9, 0/71 HPs)
             Began as a Purple Draconian Shapeshifter on Apr 21, 2024.
             Was a Follower of Hepliaklqana.
             Slain by a kobold demonologist
             ... wielding a +0 war axe
              (6 damage)
             ... in a bailey.
             The game lasted 00:18:38 (7694 turns).

LadyBoffin the Trooper (DrSh)                       Turns: 7694, Time: 00:18:38

Health: 0/71       AC:  7    Str: 21    XL:     9   Next: 36%
Magic:  16/16      EV: 12    Int: 16    God:    Hepliaklqana [*.....]
Gold:   330        SH:  0    Dex: 11    Spells: 18/18 levels left

rFire   . .          .
                       - Unarmed
rCold   . . .        (no shield)
rNeg    . . .        (body armour unavailable)
rPois   .            (helmet currently unavailable)
rElec   .            (cloak currently unavailable)
rCorr   .            (gloves currently unavailable)
SInv    .            (boots currently unavailable)
Will    +....        (no amulet)
Stlth   +            n - +6 ring of intelligence
HPRegen 0.31/turn    r - ring of wizardry
MPRegen 0.15/turn

%: wizardry (x1)
@: beast-form
A: beast (slay +3), reduced essence, nullifying breath, AC +7, unfitting armour,
cold-blooded
a: Nullifying Breath, Begin Untransformation, Renounce Religion, Recall
Ancestor, Ancestor Identity


You were in a bailey.
You worshipped Hepliaklqana.
Hepliaklqana was aware of your devotion.
You were a hulking beast.
You visited 2 branches of the dungeon, and saw 8 of its levels.
You also visited: Bailey.

You collected 382 gold pieces.
You spent 52 gold pieces at shops.

Inventory:

Missiles
 k - 2 throwing nets (quivered)
Armour
 d - a +0 pair of boots
 m - a +0 cloak
Jewellery
 e - an amulet of guardian spirit
 f - a ring of ice
 n - a +6 ring of intelligence (left hand)
 r - a ring of wizardry (right hand)
Talismans
 b - a beast talisman (active)
 c - a flux talisman
Wands
 q - a wand of acid (7)
 v - a wand of mindburst (10)
Scrolls
 g - a scroll of amnesia
 h - a scroll of enchant armour
 i - 4 scrolls of teleportation
 j - a scroll of fog
 t - a scroll of revelation {unknown}
Potions
 a - 2 potions of lignification
 l - 3 potions of enlightenment
 p - 2 potions of brilliance
 s - 2 potions of cancellation {unknown}
 w - 2 potions of ambrosia


   Skills:
 + Level 7.0 Fighting
 + Level 5.0 Dodging
 + Level 6.3 Unarmed Combat
 - Level 5.1 Spellcasting
 + Level 6.6 Shapeshifting


You had 18 spell levels left.
You didn't know any spells.
Your spell library contained the following spells:

 Spells                   Type           Power      Damage    Failure   Level
 Blink                    Tloc           8%         N/A       9%          2
 Lesser Beckoning         Tloc           8%         N/A       9%          2
 Momentum Strike          Conj/Tloc      8%         3d8       9%          2
 Tukima's Dance           Hex            4%         N/A       17%         3
 Passage of Golubria      Tloc           4%         N/A       50%         4
 Yara's Violent Unravell  Hex/Alch       2%         3d3       82%         5


Dungeon Overview and Level Annotations

Branches:
Dungeon (7/15)             Temple (1/1) D:4          Bailey (1/1)

Altars:
Ashenzari
Cheibriados
Dithmenos
Elyvilon
Fedhas
Gozag
Hepliaklqana
Kikubaaqudgha
Okawaru
Qazlal
Ru
Sif Muna
Trog
Uskayaw
Vehumet
Xom
Yredelemnul

Shops:
D:1 *?*

Annotations:
D:5 1 runed translucent door, Crazy Yiuf


Innate Abilities, Weirdness & Mutations

You are a hulking beast.
Your limbs bulge with bestial killing power. (Slay +3)
Your life essence is reduced to manifest your ancestor. (-10% HP)
You can breathe blasts of antimagic.
Your rich purple scales are hard. (AC +7)
You cannot fit into any form of body armour.
You are cold-blooded and may be slowed by cold attacks.


Message History

Press: ? - help, Shift-Dir - straight line, f/p - orc warrior
Aim: an orc warrior, wielding a +0 war axe and wearing a +0 plate armour (severely wounded, chance to affect: 64%)
The orc warrior struggles to resist.
The orc warrior hits you with a +0 war axe.
* * * LOW HITPOINT WARNING * * *
The ufetubus slips past you! The ufetubus closely misses you.
The ufetubus hits you.
* * * LOW HITPOINT WARNING * * *
The kobold demonologist gestures wildly while chanting.
The ynoxinul gestures.
Zeih is still trapped in memory!
Aiming: Nullifying Breath
Press: ? - help, Shift-Dir - straight line, f - kobold demonologist, p - orc warrior
Aim: a kobold demonologist, wielding a +0 war axe and wearing a +0 scale mail You breathe a sphere of nullifying energy.
The antimagic surges outward!
The nullifying energy engulfs the kobold demonologist but does no damage.
The nullifying energy engulfs the ufetubus!
You kill the ufetubus!
The ufetubus disappears in a puff of smoke!
The nullifying energy engulfs the ufetubus.
The ufetubus is severely wounded.
The nullifying energy engulfs the orc warrior.
The orc warrior is almost dead.
The nullifying energy engulfs the shadow imp!
The shadow imp is almost dead.
The nullifying energy engulfs the quasit!
The quasit is almost dead.
The nullifying energy engulfs the ynoxinul!
The ynoxinul is severely wounded.
The ynoxinul's magical effects unravel!
The nullifying energy engulfs the ufetubus!
You kill the ufetubus!
The ufetubus disappears in a puff of smoke!
The orc warrior hits you with a +0 war axe!
* * * LOW HITPOINT WARNING * * *
The quasit closely misses you. x3
The kobold demonologist hits you with a +0 war axe.
You die...
Hepliaklqana delivers you to your ancestors.

####ß.#
#######.....#
#.....#...ß.#
#.....#))...#
#..⌠..#).####
+.))4.'..#
+..)3§'..#
#####'o5#####
#....hK.....#
##~~~5§5.~~~~##
≈≈≈≈≈≈≈≈...≈≈≈≈≈≈≈
≈≈≈≈≈≈≈≈...≈≈≈≈≈≈≈
≈≈≈≈≈≈≈≈...≈≈≈≈≈≈≈
≈≈≈≈≈≈≈≈...≈≈≈≈≈≈≈
≈≈≈≈≈.........≈≈≈≈
######.......####
#.......#


You could see a kobold demonologist (magic disrupted), a ynoxinul (summoned,
magic disrupted), a chaos spawn (summoned), an orc warrior, a quasit (summoned),
a shadow imp (summoned, magic disrupted) and an ufetubus (summoned).

Vanquished Creatures
  A steam dragon (D:6)
  Edmund (D:4)
  A water moccasin (D:5)
  2 sky beasts
  An ice beast (D:6)
  3 black bears
  3 orc warriors
  A centaur (D:7)
  2 phantoms
  A bullfrog (D:6)
  2 scorpions
  4 wights
  A bombardier beetle (D:5)
  A gnoll bouda (D:3)
  5 hounds
  4 orc priests
  4 iguanas
  A sleepcap (D:5)
  An orc wizard (D:6)
  11 gnolls
  8 adders
  2 white imps
  2 ribbon worms
  4 dart slugs
  21 orcs
  5 ball pythons
  6 bats
  An endoplasm (D:3)
  2 giant cockroaches (D:3)
  10 goblins
  8 hobgoblins
  8 jackals
  5 kobolds
  3 quokkas
  A frilled lizard (D:1)
  5 rats
141 creatures vanquished.

Vanquished Creatures (collateral kills)
  An orc warrior (Bailey)
  An orc (Bailey)
  A goblin (Bailey)
3 creatures vanquished.

Vanquished Creatures (others)
  3 ancestors
3 creatures vanquished.

Grand Total: 147 creatures vanquished

Notes
Turn   | Place    | Note
-------+----------+-------------------------------------------
     0 | D:1      | LadyBoffin the Draconian Shapeshifter began the quest for
                  | the Orb.
     0 | D:1      | Reached XP level 1. HP: 16/16 MP: 1/1
   267 | D:1      | Found Laimisim's General Store.
   281 | D:1      | Reached XP level 2. HP: 23/23 MP: 2/2
   703 | D:1      | Reached XP level 3. HP: 20/29 MP: 3/3
   742 | D:1      | Found Pebikoip's General Store.
   973 | D:1      | Found Ruetto's Magic Scroll Shoppe.
   976 | D:1      | Bought a scroll of identify for 26 gold pieces
   976 | D:1      | Bought a scroll of identify for 26 gold pieces
  1096 | D:2      | Reached skill level 2 in Fighting
  1602 | D:3      | Reached XP level 4. HP: 36/36 MP: 4/4
  2034 | D:3      | Noticed a black bear
  2057 | D:3      | Killed a black bear
  2058 | D:3      | Reached skill level 3 in Fighting
  2058 | D:3      | Reached XP level 5. HP: 4/45 MP: 5/5
  2964 | D:3      | Reached XP level 6. HP: 37/51 MP: 6/6
  3366 | D:4      | Found a staircase to the Ecumenical Temple.
  3367 | D:4      | Noticed Edmund
  3529 | D:4      | Reached skill level 4 in Fighting
  3529 | D:4      | Your scales start taking on a rich purple colour.
  3529 | D:4      | Reached XP level 7. HP: 53/59 MP: 7/7
  3746 | D:4      | Identified the +10 falchion "Acuam" {flame, Str+3 SInv}
  4090 | D:4      | Found a snail-covered altar of Cheibriados.
  4129 | D:4      | Killed Edmund
  4130 | D:4      | Reached skill level 5 in Unarmed Combat
  4463 | D:5      | Entered Level 5 of the Dungeon
  4542 | Temple   | Entered the Ecumenical Temple
  4573 | Temple   | Became a worshipper of Hepliaklqana the Forgotten
  4788 | D:5      | Found a shadowy altar of Dithmenos.
  4982 | D:5      | Reached skill level 1 in Spellcasting
  4982 | D:5      | Reached skill level 5 in Shapeshifting
  5304 | D:5      | Reached skill level 5 in Fighting
  5336 | D:5      | Reached XP level 8. HP: 65/68 MP: 9/11
  5556 | D:5      | Found a runed translucent door.
  5557 | D:5      | Noticed Crazy Yiuf
  5897 | D:5      | Reached skill level 5 in Dodging
  6166 | D:6      | Reached skill level 6 in Fighting
  6743 | D:6      | Reached XP level 9. HP: 71/78 MP: 15/15
  7154 | D:6      | Reached * piety under Hepliaklqana
  7223 | D:7      | Noticed a two-headed ogre
  7302 | D:7      | Found a flagged portal.
  7425 | Bailey   | Entered a bailey
  7629 | Bailey   | Reached skill level 7 in Fighting
  7631 | Bailey   | Reached skill level 5 in Spellcasting
  7665 | Bailey   | Noticed a kobold demonologist
  7694 | Bailey   | Slain by a kobold demonologist

Illustrated notes

Levels and vault maps discovered:
D:1:      spicycebolla_arrival_ecumenical, layout_loops_corners, serial_shops,
          shop, nicolae_shop_stone, nicolae_shop_real_fake_doors
D:2:      layout_rooms
D:3:      layout_basic, serial_co_window_serial, co_window_paths_a,
          co_window_paths_b, co_window_paths_a, co_window_corner_a,
          co_window_of_opportunity_a, co_window_of_opportunity_b,
          co_window_broadway_b, co_window_broadway_b,
          co_window_of_opportunity_c, glass_columns_c, glass_columns_a,
          glass_columns_a, glass_columns_c, glass_columns_c,
          nicolae_grassy_gnolls
D:4:      layout_basic, cheibriados_altar_1, minmay_temple_entry_overgrown,
          uniq_edmund
D:5:      layout_cave_pools, mainiacjoe_overflow_surrounded_room,
          minmay_misc_feat_x, minmay_splitting_lines, uniq_crazy_yiuf_cottage
D:6:      layout_basic
D:7:      layout_basic, serial_shops, shop_fountains, enter_bailey_2,
          uniq_pikel, uniq_maggie
Temple:   regret_index_temple_waves
Bailey:   bailey_axe_of_yendor_kennysheep, bailey

Skill      XL: |  1  2  3  4  5  6  7  8  9 |
---------------+----------------------------+-----
Dodging        | 2 3 4 5 |  5.0
Fighting       | 2 3 4 5 6 7 |  7.0
Unarmed Combat | 4 5 6 |  6.3
Shapeshifting  | 4 5 6 |  6.6
Spellcasting   | 2 4 5 |  5.1

Action                     |  1- 3 |  4- 6 |  7- 9 || total
---------------------------+-------+-------+-------++-------
  Melee: Unarmed           |    87 |   158 |   338 ||   583
         Tailslap          |    15 |    19 |    54 ||    88
         Punch             |     4 |     8 |     8 ||    20
Ability: Nullifying Breath |       |       |     1 ||     1
  Evoke: Wand              |       |       |     6 ||     6
    Use: Scroll            |     5 |     4 |     5 ||    14
         Potion            |       |     3 |     1 ||     4
   Stab: Sleeping          |       |     1 |       ||     1
 Armour: Skin              |    72 |   118 |   212 ||   402
  Dodge: Dodged            |    49 |   110 |   210 ||   369
         Form:             |     1 |       |       ||     1
         Beast             |     1 |       |       ||     1

Table legend: (Time is in decaauts)
 A = Elapsed time spent in this place.
 B = Non-inter-level travel time spent in this place.
 C = Inter-level travel time spent in this place.
 D = Time resting spent in this place.
 E = Time spent auto-exploring this place.
 F = Levels seen in this place.
 G = Mean time per level.
                   A        B        C        D        E       F      G
               +--------+--------+--------+--------+--------+-----+--------+
         Total |   7655 |   7320 |    335 |   1966 |   3858 |   9 |  850.6 |
       Dungeon |   7328 |   7050 |    278 |   1814 |   3858 |   7 | 1046.9 |
        Temple |     61 |      4 |     57 |      0 |      0 |   1 |   61.0 |
        Bailey |    264 |    264 |      0 |    152 |      0 |   1 |  264.0 |
               +--------+--------+--------+--------+--------+-----+--------+

Top non-repeatable levels by time:
     D:3: 1617 daAuts
     D:5: 1454 daAuts
     D:4: 1448 daAuts
     D:6: 1098 daAuts
     D:1: 1081 daAuts
     D:2: 447 daAuts
  Bailey: 264 daAuts
     D:7: 180 daAuts
  Temple: 61 daAuts
